 Dungeon Crawl Stone Soup version 0.22.1-1-ga44c0e5 (webtiles) character file.

2531 MTVSty1e the Cleaver (level 9, -6/84 HPs)
             Began as a Minotaur Fighter on Oct 21, 2018.
             Mangled by Duvessa
             ... wielding a +0 rapier
              (15 damage)
             ... on level 6 of the Dungeon.
             The game lasted 00:07:12 (6551 turns).

MTVSty1e the Cleaver (Minotaur Fighter)             Turns: 6551, Time: 00:07:13

Health: -6/84      AC: 13    Str: 28    XL:     9   Next: 30%
Magic:  8/8        EV:  5    Int:  5    God:
Gold:   305        SH: 10    Dex: 11    Spells: 8/8 levels left

rFire    . . .     SeeInvis .   a - +0 war axe
rCold    . . .     Gourm    .   c - +0 shield
rNeg     . . .     Faith    .   i - +0 plate armour
rPois    .         Spirit   .   (helmet restricted)
rElec    .         Reflect  .   B - +0 cloak
rCorr    .         Harm     .   y - +0 pair of gloves
MR       .....                  (no boots)
Stlth    ..........             (no amulet)
HPRegen  0.24/turn              (no ring)
MPRegen  0.11/turn              (no ring)

@: mighty
A: retaliatory headbutt, horns 2
a: no special abilities


You were on level 6 of the Dungeon.
You were not hungry.

You visited 1 branch of the dungeon, and saw 6 of its levels.
You also visited: Sewer.

You collected 305 gold pieces.

Inventory:

Hand Weapons
 a - a +0 war axe (weapon)
 t - a +2 flail of venom
Armour
 c - a +0 shield (worn)
 i - a +0 plate armour (worn)
 y - a +0 pair of gloves (worn)
 B - a +0 cloak (worn)
Wands
 m - a wand of acid (3)
 x - a wand of paralysis (12)
 A - a wand of flame (35)
 C - a wand of iceblast (6)
Scrolls
 e - a scroll of remove curse
 g - a scroll of magic mapping {unknown}
 h - 2 scrolls of immolation {unknown}
 j - 4 scrolls of identify
 k - 2 scrolls of random uselessness
 o - a scroll of amnesia
 q - 2 scrolls of teleportation
 v - a scroll of enchant armour {unknown}
Potions
 d - 2 potions of flight
 l - a potion of invisibility {unknown}
 n - 2 potions of haste {unknown}
 p - 3 potions of degeneration {unknown}
 r - a potion of agility {unknown}
 s - a potion of berserk rage {unknown}
 u - a potion of mutation {unknown}
 z - a potion of brilliance {unknown}
 E - a potion of curing {unknown}
Comestibles
 f - 4 rations


   Skills:
 + Level 9.4 Fighting
 * Level 12.2 Axes
 - Level 3.6 Armour
 - Level 3.6 Shields


You had 8 spell levels left.
You didn't know any spells.
Your spell library was empty.

Dungeon Overview and Level Annotations

Branches:
Dungeon (6/15)
 Temple: D:4-7

Altars:
Cheibriados
Kikubaaqudgha
Ru
Zin
The Shining One

Annotations:
D:6 Duvessa


Innate Abilities, Weirdness & Mutations

You reflexively headbutt those who attack you in melee.
You have a pair of horns on your head.


Message History

You slash Dowan!
Dowan is heavily wounded.
Duvessa zaps a wand.
The puff of flame hits you!
* * * LOW HITPOINT WARNING * * *
It is a wand of flame (20).
You block Dowan's attack.
You slash Dowan!
You kill Dowan!
Duvessa screams in rage.
Duvessa goes berserk!
You block Duvessa's attack. Duvessa closely misses you.
Things that are here:
a dagger; a robe; the elf corpse of Dowan You hit Duvessa.
Duvessa is lightly wounded.
Duvessa hits you with a rapier!
* * * LOW HITPOINT WARNING * * *
You slash Duvessa!
Duvessa is moderately wounded.
Duvessa hits you with a rapier!
You die...

....... ≈≈......# ###
#≈≈....?# ... #≈≈.....##..# #+
#≈≈b......#.# ##. ≈
≈≈≈....?#.#.# #...# ≈ ≈≈≈
≈≈≈.......#.##..#.#... # #≈≈#
#≈≈......@#..........# # #≈≈#
+≈≈.....#e.#.........###
#+#≈≈###≈≈######..#...........
≈≈≈≈≈≈≈≈ #######.......e.....
≈≈≈≈ #.....#...........# ###.#
#.................## ....#
#.......#.......)..# # ###.#
#..................#### #.#
#.....###..............


You could see Duvessa (berserk).

Vanquished Creatures
  Pikel (D:5)
  Sigmund (D:4)
  Menkaure (D:6)
  Edmund (D:3)
  Purgy (Sewer)
  A black bear (D:6)
  A phantom (D:4)
  3 ogres
  A centaur (D:6)
  A crocodile (D:5)
  A bullfrog (D:6)
  Dowan (D:6)
  2 scorpions
  3 wights (D:6)
  An electric eel (D:6)
  A howler monkey (D:6)
  A centaur skeleton (D:6)
  A hound (D:6)
  An orc priest (D:4)
  2 iguanas (D:4)
  Crazy Yiuf (D:4)
  Terence (D:3)
  7 worker ants
  8 adders
  A river rat (D:3)
  A shadow imp (D:5)
  An ooze (D:3)
  An adder zombie (D:6)
  2 adder skeletons
  7 worms
  A dart slug (D:3)
  5 leopard geckos
  10 orcs
  16 bats
  6 giant cockroaches
  6 goblins
  8 hobgoblins
  5 jackals (D:3)
  16 kobolds
  4 quokkas
  A ball python (D:5)
  5 frilled lizards
  A leopard gecko zombie (D:5)
  5 rats
145 creatures vanquished.

Notes
Turn   | Place    | Note
-------+----------+-------------------------------------------
     0 | D:1      | MTVSty1e the Minotaur Fighter began the quest for the Orb.
     0 | D:1      | Reached XP level 1. HP: 19/19 MP: 0/0
   151 | D:1      | Reached skill level 3 in Axes
   201 | D:1      | Reached XP level 2. HP: 27/27 MP: 1/1
   852 | D:2      | Reached XP level 3. HP: 28/33 MP: 2/2
   882 | D:2      | Reached skill level 4 in Axes
   983 | D:2      | Found an ancient bone altar of Kikubaaqudgha.
  1089 | D:2      | Reached XP level 4. HP: 39/41 MP: 3/3
  1634 | D:2      | Found a glowing golden altar of the Shining One.
  1705 | D:3      | Reached skill level 5 in Axes
  1708 | D:3      | Found a glowing drain.
  1719 | Sewer    | Entered a sewer
  2021 | Sewer    | Noticed Purgy
  2031 | Sewer    | Killed Purgy
  2031 | Sewer    | Reached skill level 5 in Fighting
  2031 | Sewer    | Reached skill level 6 in Axes
  2031 | Sewer    | Reached XP level 5. HP: 36/48 MP: 4/4
  2256 | D:3      | Noticed Terence
  2263 | D:3      | Killed Terence
  2330 | D:3      | Found a glowing silver altar of Zin.
  2580 | D:3      | Reached XP level 6. HP: 56/56 MP: 5/5
  2785 | D:3      | Found a snail-covered altar of Cheibriados.
  3486 | D:4      | Reached skill level 7 in Axes
  3543 | D:4      | Noticed Edmund
  3547 | D:4      | Noticed Sigmund
  3833 | D:3      | Killed Edmund
  3833 | D:3      | Reached XP level 7. HP: 42/63 MP: 6/6
  4190 | D:4      | Killed Sigmund
  4190 | D:4      | Reached skill level 8 in Axes
  4297 | D:4      | Found a sacrificial altar of Ru.
  4591 | D:4      | Found a runed door.
  4793 | D:4      | Reached skill level 9 in Axes
  4850 | D:4      | Noticed Crazy Yiuf
  4853 | D:4      | Killed Crazy Yiuf
  4929 | D:5      | Entered Level 5 of the Dungeon
  5013 | D:5      | Reached XP level 8. HP: 27/73 MP: 7/7
  5606 | D:5      | Reached skill level 10 in Axes
  5693 | D:5      | Noticed Pikel
  5700 | D:5      | Killed Pikel
  5700 | D:5      | Reached skill level 11 in Axes
  6078 | D:6      | Reached XP level 9. HP: 59/82 MP: 8/8
  6329 | D:6      | Reached skill level 12 in Axes
  6471 | D:6      | Noticed Menkaure
  6480 | D:6      | Killed Menkaure
  6534 | D:6      | Noticed Duvessa
  6539 | D:6      | Noticed Dowan
  6548 | D:6      | Killed Dowan
  6551 | D:6      | Mangled by Duvessa

Skill      XL: |  1  2  3  4  5  6  7  8  9 |
---------------+----------------------------+-----
Axes           | 3 4 6 7 9 11 12 | 12.2
Fighting       | 4 5 6 7 8 9 |  9.4
Armour         | |  3.6
Shields        | |  3.6

Action                   |  1- 3 |  4- 6 |  7- 9 || total
-------------------------+-------+-------+-------++-------
Melee: War axe           |    80 |   172 |   167 ||   419
       Headbutt          |    10 |    28 |    26 ||    64
  Use: Potion            |       |     2 |     1 ||     3
       Scroll            |       |       |     6 ||     6
  Eat: Chunk             |       |     9 |     1 ||    10
       Ration            |       |       |     3 ||     3
Armor: Scale mail        |     8 |       |       ||     8
       Plate armour      |    40 |   121 |    81 ||   242
Dodge: Dodged            |    18 |    35 |    16 ||    69
Block: Shield            |    49 |    89 |    63 ||   201
